 Dungeon Crawl Stone Soup version 0.26-a0-597-gb535b0901c (webtiles) character file.

Game seed: 769256551737818172

34 pk666 the Magician (level 3, 0/19 HPs)
             Began as a Deep Elf Hedge Wizard on Aug 31, 2020.
             Slain by a worm (6 damage)
             ... on level 2 of the Dungeon.
             The game lasted 00:02:09 (1303 turns).

pk666 the Magician (Deep Elf Hedge Wizard)          Turns: 1303, Time: 00:02:10

Health: 0/19       AC:  2    Str:  7    XL:     3   Next: 14%
Magic:  1/11       EV: 13    Int: 19    God:
Gold:   21         SH:  0    Dex: 14    Spells: 1/12 levels left

rFire    . . .     SeeInvis .   a - +0 dagger
rCold    . . .     Faith    .   (no shield)
rNeg     . . .     Spirit   .   b - +0 robe
rPois    .         Reflect  .   c - +0 hat
rElec    .         Harm     .   (no cloak)
rCorr    .                      (no gloves)
MR       .....                  (no boots)
Stlth    ++........             (no amulet)
HPRegen  0.06/turn              (no ring)
MPRegen  0.12/turn              (no ring)

@: no status effects
A: no striking features
a: no special abilities


You were on level 2 of the Dungeon.
You visited 1 branch of the dungeon, and saw 2 of its levels.

You collected 21 gold pieces.

Inventory:

Hand Weapons
 a - a +0 dagger (weapon)
Armour
 b - a +0 robe (worn)
 c - a +0 hat (worn)
Scrolls
 d - 2 scrolls of enchant weapon {unknown}
 e - a scroll of teleportation {unknown}
 f - 3 scrolls of remove curse {unknown}
 h - a scroll of magic mapping {unknown}
Potions
 g - a potion of curing {unknown}


   Skills:
 - Level 2.4 Dodging
 - Level 2.4 Stealth
 + Level 5.2 Spellcasting
 + Level 2.4 Conjurations
   Level 1.1 Summonings
 + Level 1.1 Translocations
 + Level 0.0 Fire Magic
 + Level 0.0 Air Magic
 + Level 0.0 Poison Magic


You had one spell level left.
You knew the following spells:

 Your Spells              Type           Power        Failure   Level
a - Magic Dart            Conj           ##..         4%          1
b - Slow                  Hex            #.......     19%         2
c - Conjure Flame         Conj/Fire      #.......     22%         3
d - Mephitic Cloud        Conj/Pois/Air  #.......     26%         3
e - Blink                 Tloc           N/A          12%         2

Your spell library contained the following spells:

 Spells                   Type           Power        Failure   Level
 Call Imp                 Summ           #.......     12%         2


Dungeon Overview and Level Annotations

Branches:
Dungeon (2/15)

Altars:
Ashenzari

Annotations:
D:1 exclusion: downstairs
D:2 1 exclusion, Sigmund


Message History

Press: ? - help, Shift-Dir - straight line, f/p - worm
Aim: a worm (heavily wounded)
The magic dart hits the worm.
The worm is severely wounded.
Casting: Magic Dart (safe; 4% risk of failure)
Confirm with . or Enter, or press ? or * to list all spells.
Aiming: Magic Dart (safe; 4% risk of failure)
Press: ? - help, Shift-Dir - straight line, f/p - worm
Aim: a worm (severely wounded)
The magic dart hits the worm.
The worm is almost dead.
Casting: Magic Dart (safe; 4% risk of failure)
Confirm with . or Enter, or press ? or * to list all spells.
Aiming: Magic Dart (safe; 4% risk of failure)
Press: ? - help, Shift-Dir - straight line, f/p - worm
Aim: a worm (severely wounded)
The magic dart hits the worm.
The worm is almost dead.
The worm bites you.
You die...

##.#......# #.#
#.#......# #.#
#.#......######.#
#.#.............#
#####.#......########
#.....#.....[#
#.#####......#
#.#.#........#
#...#@#......#
###.#w########
#######<#.#
#.._..#.#.#
#.###.###.# #.#
#.....# # #.#
############.)#.. #.#
#..(....).. #.#
#w####..#..


You could see a worm.

Vanquished Creatures
  An adder (D:2)
  A dart slug (D:2)
  5 bats (D:1)
  3 goblins (D:1)
  5 hobgoblins
  A frilled lizard (D:1)
  A kobold (D:2)
  6 rats (D:1)
23 creatures vanquished.

Notes
Turn   | Place    | Note
-------+----------+-------------------------------------------
     0 | D:1      | pk666 the Deep Elf Hedge Wizard began the quest for the
                  | Orb.
     0 | D:1      | Reached XP level 1. HP: 10/10 MP: 7/7
   242 | D:1      | Reached XP level 2. HP: 15/15 MP: 7/9
   656 | D:1      | Reached skill level 5 in Spellcasting
   927 | D:2      | Noticed Sigmund
  1048 | D:2      | Reached XP level 3. HP: 19/19 MP: 6/11
  1052 | D:2      | Learned a level 2 spell: Slow
  1056 | D:2      | Learned a level 3 spell: Conjure Flame
  1060 | D:2      | Learned a level 3 spell: Mephitic Cloud
  1063 | D:2      | Learned a level 2 spell: Blink
  1166 | D:2      | Found a shattered altar of Ashenzari.
  1303 | D:2      | Slain by a worm

Illustrated notes

Levels and vault maps discovered:
D:1:      dpeg_arrival_rooms_a, layout_loops_ring
D:2:      layout_basic, overflow_temple_1_default, old_standard_altar,
          nicolae_overflow_hidden_temple, uniq_sigmund

Skill      XL: |  1  2 |
---------------+-------+-----
Conjurations   | 2 |  2.4
Spellcasting   | 5 |  5.2
Dodging        | |  2.4
Stealth        | |  2.4
Summonings     | |  1.1
Translocations | |  1.1

Action                   || total
-------------------------++-------
 Cast: Magic Dart        ||    66
Dodge: Dodged            ||     3

Table legend: (Time is in decaauts)
 A = Elapsed time spent in this place.
 B = Non-inter-level travel time spent in this place.
 C = Inter-level travel time spent in this place.
 D = Time resting spent in this place.
 E = Time spent auto-exploring this place.
 F = Levels seen in this place.
 G = Mean time per level.
                   A        B        C        D        E       F      G
               +--------+--------+--------+--------+--------+-----+--------+
         Total |   1303 |   1203 |    100 |    121 |    927 |   2 |  651.5 |
       Dungeon |   1303 |   1203 |    100 |    121 |    927 |   2 |  651.5 |
               +--------+--------+--------+--------+--------+-----+--------+

Top non-repeatable levels by time:
     D:1: 988 daAuts
     D:2: 315 daAuts
